 Dungeon Crawl Stone Soup version 0.30.1-11-g7821555f0a (webtiles) character file.

Game seed: 15716283195243656066

62 booth the Trooper (level 3, -1/29 HPs)
             Began as a Demonspawn Monk on Nov 1, 2023.
             Slain by Grinder (5 damage)
             ... on level 3 of the Dungeon.
             The game lasted 00:15:09 (2524 turns).

booth the Trooper (Demonspawn Monk)                 Turns: 2524, Time: 00:15:09

Health: -1/29      AC:  3    Str: 13    XL:     3   Next: 85%
Magic:  3/3        EV: 11    Int: 11    God:
Gold:   96         SH:  9    Dex: 15    Spells: 2/2 levels left

rFire   . . .        a - +0 hand axe
rCold   . . .        p - +2 kite shield
rNeg    . . .        b - +0 robe
rPois   .            m - +0 helmet
rElec   .            (no cloak)
rCorr   .            (no gloves)
SInv    .            (no boots)
Will    .....        (no amulet)
Stlth   +            (no ring)
HPRegen 0.24/turn    (no ring)
MPRegen 0.08/turn

%: no passive effects
@: no status effects
A: ignite blood 1
a: no special abilities


You were on level 3 of the Dungeon.
You visited 1 branch of the dungeon, and saw 3 of its levels.

You collected 96 gold pieces.

Inventory:

Hand Weapons
 a - a +0 hand axe (weapon)
Armour
 b - a +0 robe (worn)
 d - an orb of light
 g - a +0 ring mail
 m - a +0 helmet (worn)
 p - a +2 kite shield (worn)
Wands
 f - a wand of paralysis (6)
Scrolls
 e - 2 scrolls of teleportation
 h - a scroll of vulnerability
 n - 2 scrolls of fear
Potions
 c - a potion of ambrosia
 i - 2 potions of mutation
 j - 2 potions of brilliance
 k - a potion of curing {unknown}
 l - a potion of haste
 o - a potion of attraction {unknown}
Miscellaneous
 q - a piece from Xom's chessboard (12/15)


   Skills:
 + Level 3.5 Fighting
 * Level 3.4 Axes
 + Level 3.2 Dodging
 + Level 0.3 Shields


You had 2 spell levels left.
You didn't know any spells.
Your spell library contained the following spells:

 Spells                   Type           Power      Damage    Failure   Level
 Blink                    Tloc           0%         N/A       91%         2
 Inner Flame              Hex/Fire       0%         N/A       99%         3
 Manifold Assault         Tloc           0%         N/A       100%        4
 Yara's Violent Unravell  Hex/Tmut       0%         3d3       100%        5
 Enfeeble                 Hex            0%         N/A       100%        7
 Storm Form               Tmut/Air       0%         N/A       100%        7


Dungeon Overview and Level Annotations

Branches:
Dungeon (3/15)

Altars:
Xom

Shops:
D:1 ?   D:2 :

Annotations:
D:3 Grinder


Innate Abilities, Weirdness & Mutations

Your demonic aura sometimes causes spilled blood to erupt in flames.


Message History

The helpless Grinder fails to defend herself.
You hit Grinder.
Grinder is heavily wounded.
Grinder is no longer paralysed.
Grinder hits you but does no damage.
Grinder blinks!
You see here a hobgoblin corpse.
You start resting.
Grinder is nearby!
You make a move on Xom's chessboard...
Grinder flickers and vanishes!
Deactivating autopickup; reactivate with Ctrl-A.
You hear a zap.
Some rock shatters into small pieces.
You hear a zap.
Some rock shatters into small pieces.
You hear a zap.
You hear a grinding noise.
A goblin comes into view.
The goblin shouts!
A goblin comes into view.
The goblin shouts!
You hear a shout! x2
The goblin throws a stone.
The stone hits you.
You suddenly lose the ability to move!
Something tries to affect you, but you resist.
Something hits you.
A goblin comes into view.
A kobold comes into view.
You can move again.
You closely miss something.
The kobold shouts!
You block the goblin's attack. You block the goblin's attack.
You barely miss the goblin. You slash the goblin!
You kill the goblin!
You hit the goblin. The goblin barely misses you. Something hits you!
You block the goblin's attack.
You closely miss the goblin.
The goblin is heavily wounded.
You hit something. Something hits you.
* * * LOW HITPOINT WARNING * * *
You writhe in agony.
You die...

#~ .##..........# +.
....$........# #~~
##.######...>.## # ...
#... #.....# .#
#.####..# #[....##.#
#.#.#..# ##.......#
#..#..# #.....###
#K#..# ##.##.#
#g°@.#####.##.##.#
#.#g##.....{..##.#
######.......†.....##.#
#..........##########.#
#..........# #.#
#..........# #.#
#.......#### #.#
#.......# #.# #########
#.#


You could see 2 goblins and a kobold.

Vanquished Creatures
  4 worms
  2 dart slugs (D:2)
  An orc (D:3)
  4 endoplasms
  2 giant cockroaches (D:1)
  6 goblins
  3 hobgoblins
  A quokka (D:1)
  6 ball pythons
  4 bats
  3 frilled lizards
  3 kobolds
  7 rats
  A butterfly (D:3)
47 creatures vanquished.

Notes
Turn   | Place    | Note
-------+----------+-------------------------------------------
     0 | D:1      | booth the Demonspawn Monk began the quest for the Orb.
     0 | D:1      | Reached XP level 1. HP: 18/18 MP: 1/1
   179 | D:1      | Gained mutation: Your demonic aura sometimes causes spilled
                  | blood to erupt in flames. [demonic ancestry]
   179 | D:1      | Reached XP level 2. HP: 24/24 MP: 2/2
   235 | D:1      | Found The Oracle's Delphic Readings.
   997 | D:2      | Found Raoly's Book Shoppe.
  1056 | D:2      | Reached XP level 3. HP: 29/29 MP: 3/3
  1798 | D:3      | Found a shimmering altar of Xom.
  2228 | D:3      | Noticed Grinder
  2228 | D:3      | Noticed an ogre
  2467 | D:3      | Paralysed by Grinder for 4 turns
  2485 | D:3      | Paralysed by Grinder for 3 turns
  2516 | D:3      | Paralysed by something for 3 turns
  2524 | D:3      | Slain by Grinder

Illustrated notes

Levels and vault maps discovered:
D:1:      minmay_arrival_jagged, layout_loops_ring, nicolae_nh_oracle_at_delphi
D:2:      layout_basic, serial_shops, shop
D:3:      layout_basic, okawaru_altar_gauntlet_db, xom_butterflies, st_stairs_6,
          uniq_grinder

Skill      XL: |  1  2 |
---------------+-------+-----
Axes           | 3 |  3.4
Dodging        | 3 |  3.2
Fighting       | |  3.5
Shields        | |  0.3

Action                     || total
---------------------------++-------
  Melee: Hand axe          ||   159
  Evoke: Piece from Xom's  ||     3
         Wand              ||     1
    Use: Scroll            ||     5
         Potion            ||     2
   Stab: Paralysed         ||     4
         Sleeping          ||     1
 Armour: Robe              ||    18
  Dodge: Dodged            ||    73
  Block: Kite shield       ||    29
